 Dungeon Crawl Stone Soup version 0.18-a0-1805-g8ab820f (webtiles) character file.

42 M4edhros the Charlatan (level 3, 0/21 HPs)
             Began as a Kobold Artificer on Apr 25, 2016.
             Slain by Shenda's ghost (11 damage)
             ... on level 4 of the Dungeon.
             The game lasted 00:01:15 (995 turns).

M4edhros the Charlatan (Kobold Artificer)            Turns: 995, Time: 00:01:15

Health: 0/21       AC:  6    Str:  9    XL:     3   Next: 80%
Magic:  6/6        EV: 10    Int: 10    God:
Gold:   53         SH:  0    Dex: 17    Spells: 0 memorised, 2 levels left

rFire  . . .     SeeInvis .     a - +0 short sword
rCold  . . .     Gourm    .     b - +0 leather armour
rNeg   . . .     Faith    .     (shield restricted)
rPois  .         Spirit   .     (no helmet)
rElec  .         Dismiss  .     l - +2 cloak
rCorr  .         Reflect  .     (no gloves)
SustAt .         Harm     .     (no boots)
MR     .....                    i - amulet of magic regeneration
Stlth  ++........               (no ring)
                                (no ring)

@: not resistant to hostile enchantments, unstealthy
A: carnivore 3
a: no special abilities


You were on level 4 of the Dungeon.
You were not hungry.

You visited 1 branch of the dungeon, and saw 4 of its levels.

You collected 53 gold pieces.

Inventory:

Hand Weapons
 a - a +0 short sword (weapon)
Armour
 b - a +0 leather armour (worn)
 l - a +2 cloak (worn)
Jewellery
 i - an amulet of magic regeneration (around neck)
Wands
 c - a wand of flame (11/48)
 d - a wand of enslavement (12/24)
 e - a wand of random effects (15/48)
Scrolls
 j - a scroll of immolation {unknown}
Potions
 g - a potion of haste {unknown}
 h - a potion of lignification {unknown}
 k - 2 potions of resistance {unknown}
 m - a potion of agility {unknown}
Comestibles
 f - a meat ration


   Skills:
 + Level 1.9 Fighting
 + Level 2.1 Short Blades
 + Level 2.9 Dodging
 + Level 2.6 Stealth
 + Level 4.0 Evocations


You had 2 spell levels left.
You didn't know any spells.

Dungeon Overview and Level Annotations

Branches:
Dungeon (4/15)
 Temple: D:4-7

Altars:

Annotations:
D:4 Shenda's ghost, amateur TrMo


Innate Abilities, Weirdness & Mutations

You are small and have problems with some larger weapons.
You are carnivorous and can eat meat at any time.


Message History

No target in view!
No target in view!
There is a stone staircase leading down here.
You climb downwards. 4 orcs and a player ghost come into view.
The orc shouts!
Found 2 yellow potions, a leather armour and 16 gold pieces.
Found a stone staircase leading down.
There is a stone staircase leading up here.
You closely miss Shenda's ghost.
Shenda's ghost turns its malevolent gaze towards you.
The orc shouts!
Shenda's ghost barely misses you.
There are monsters nearby!
You hit Shenda's ghost but do no damage.
Shenda's ghost hits you!
There are monsters nearby!
Shenda's ghost hits you!
Ouch! That really hurt!
You die...

. ##########..
+...........
#...........
#..........
...##.W........
..!....@.......
...##......##..
#..o...#
#..o..>..
#....o.##..
....o..# .
#.......#
##.$....#


You could see Shenda's ghost and 4 orcs.

Vanquished Creatures
  2 adders (D:2)
  An ooze (D:1)
  5 bats
  2 giant cockroaches (D:1)
  4 goblins
  A hobgoblin (D:1)
  2 kobolds (D:1)
  A rat (D:1)
18 creatures vanquished.

Vanquished Creatures (collateral kills)
  A giant cockroach (D:2)
1 creature vanquished.

Grand Total: 19 creatures vanquished

Notes
Turn   | Place    | Note
--------------------------------------------------------------
     0 | D:1      | M4edhros the Kobold Artificer began the quest for the Orb.
     0 | D:1      | Reached XP level 1. HP: 12/12 MP: 3/3
    73 | D:1      | Reached XP level 2. HP: 6/16 MP: 4/4
   771 | D:2      | Reached XP level 3. HP: 21/21 MP: 5/5
   878 | D:3      | Reached skill level 4 in Evocations
   992 | D:4      | Noticed Shenda's ghost (amateur TrMo)
   995 | D:4      | Slain by Shenda's ghost

Vault maps used:
D:1:      dpeg_arrival_short_road
D:3:      lemuel_coloured_pillars_altar, overflow_temple_1_default,
          ecumenical_altar_1
D:4:      minmay_misc_feat_diagonals, uniq_robin, uniq_sigmund

Skill      XL: |  1  2  3 |
---------------+----------+-----
Stealth        | 2 |  2.6
Short Blades   | 2 |  2.1
Evocations     | 4 |  4.0
Fighting       | |  1.9
Dodging        | |  2.9

Action                   || total
-------------------------++-------
Melee: Short sword       ||    61
Evoke: Wand              ||     7
 Stab: Sleeping          ||     3
  Eat: Chunk             ||     3
Armor: Leather armour    ||    20
Dodge: Dodged            ||    50
